 Dungeon Crawl Stone Soup version 0.31.0-32-g396128a36d (webtiles) character file.

Game seed: 3668119174449297950

16251 PaiMei the Merchant of Misery (level 12, -5/97 HPs)
             Began as a Demonspawn Necromancer on Apr 18, 2024.
             Was a Believer of Kikubaaqudgha.
             Slain by a yak (8 damage)
             ... on level 2 of the Lair of Beasts.
             The game lasted 00:23:35 (19722 turns).

PaiMei the Merchant of Misery (DsNe)               Turns: 19722, Time: 00:23:36

Health: -5/97      AC:  8    Str:  7    XL:     12   Next: 8%
Magic:  2/34       EV: 13    Int: 22    God:    Kikubaaqudgha [**....]
Gold:   763        SH:  4    Dex: 18    Spells: 16/29 levels left

rFire   + . .        G - +4 falchion of Tokaamo {protect, rF+ rC+ Str-3 Int+3}
rCold   + . .        O - +0 buckler
rNeg    . . .        o - +1 ring mail of the Rose {Dex+4}
rPois   +            k - +0 helmet
rElec   .            (no cloak)
rCorr   .            (no gloves)
SInv    .            (no boots)
Will    .....        (no amulet)
Stlth   ++           M - ring of magical power
HPRegen 0.36/turn    J - ring of poison resistance
MPRegen 0.24/turn

%: no passive effects
@: lethally poisoned (-5 -> -18)
A: rugged brown scales 1, ignite blood 1, powered by death 1, demonic touch 1
a: Renounce Religion, Unearth Wretches


You were on level 2 of the Lair of Beasts.
You worshipped Kikubaaqudgha.
Kikubaaqudgha was pleased with you.
You visited 2 branches of the dungeon, and saw 13 of its levels.

You collected 763 gold pieces.

Inventory:

Hand Weapons
 x - a +2 whip of electrocution
 B - a +2 whip of venom
 G - the +4 falchion of Tokaamo (weapon) {protect, rF+ rC+ Str-3 Int+3}
   (You found it on level 8 of the Dungeon)

   Str-3:     It affects your strength (-3).
   Int+3:     It affects your intelligence (+3).
   rF+:       It protects you from fire.
   rC+:       It protects you from cold.
Missiles
 i - an atropa-tipped dart (quivered)
 v - 30 poisoned darts
 D - 4 throwing nets
Armour
 k - a +0 helmet (worn)
 o - the +1 ring mail of the Rose (worn) {Dex+4}
   (You took it off an orc on level 3 of the Dungeon)

   Dex+4:     It affects your dexterity (+4).
 E - a +2 kite shield of cold resistance
 F - a +2 ring mail of cold resistance
 K - a +0 kite shield
 O - a +0 buckler (worn)
Jewellery
 j - a ring of willpower
 J - a ring of poison resistance (right hand)
 M - a ring of magical power (left hand)
 N - a ring of wizardry
Wands
 g - a wand of polymorph (3)
 l - a wand of mindburst (10)
 q - a wand of charming (19)
 r - a wand of roots (10)
 y - a wand of flame (38)
Scrolls
 c - 6 scrolls of immolation
 e - a scroll of butterflies
 f - a scroll of blinking {unknown}
 m - 2 scrolls of revelation
 n - 3 scrolls of enchant armour
 t - 2 scrolls of enchant weapon
 u - 2 scrolls of fear
 w - 4 scrolls of teleportation
 z - 3 scrolls of amnesia
 C - a scroll of vulnerability
 I - a scroll of noise
Potions
 a - 2 potions of attraction
 b - 2 potions of magic
 d - a potion of haste
 h - 6 potions of curing
 p - 5 potions of ambrosia
 s - a potion of degeneration {unknown}
 A - 2 potions of might {unknown}
 H - 3 potions of lignification
 L - a potion of heal wounds
 P - a potion of enlightenment {unknown}


   Skills:
 + Level 9.3 Fighting
 + Level 9.4 Dodging
 - Level 4.1 Stealth
 + Level 9.4 Spellcasting
 + Level 11.8 Necromancy


You had 16 spell levels left.
You knew the following spells:

 Your Spells              Type           Power      Damage    Failure   Level
a - Necrotise             Necr           100%       1d9       1%          1
b - Vampiric Draining     Necr           58%        2d10      1%          3
c - Animate Dead          Necr           58%        N/A       3%          4
d - Curse of Agony        Necr           58%        N/A       9%          5

Your spell library contained the following spells:

 Spells                   Type           Power      Damage    Failure   Level
 Kiss of Death            Conj/Necr      100%       2d13      3%          1
 Cigotuvi's Dreadful Rot  Necr/Alch/Air  54%        N/A       12%         2
 Apportation              Tloc           20%        N/A       36%         1
 Jinxbite                 Hex            20%        N/A       52%         2
 Gell's Gravitas          Tloc           10%        N/A       75%         3
 Teleport Other           Tloc           10%        N/A       75%         3
 Tukima's Dance           Hex            10%        N/A       75%         3
 Flame Wave               Conj/Fire      10%        2d6       98%         4
 Passage of Golubria      Tloc           10%        N/A       98%         4
 Summon Lightning Spire   Summ/Air       10%        N/A       98%         4
 Vhi's Electric Charge    Tloc/Air       20%        N/A       98%         4
 Alistair's Intoxication  Alch           6%         N/A       100%        5
 Arcjolt                  Conj/Air       5%         1d15      100%        5
 Fireball                 Conj/Fire      5%         3d5       100%        5
 Yara's Violent Unravell  Hex/Alch       5%         3d4       100%        5
 Dispersal                Tloc           5%         N/A       100%        6
 Enfeeble                 Hex            5%         N/A       100%        7
 Borgnjor's Revivificati  Necr           29%        N/A       100%        8


Dungeon Overview and Level Annotations

Branches:
Dungeon (11/15)              Lair (2/5) D:8          Shoals (0/4) Lair:2
    Orc (0/2) D:11
 Temple: D:4-7        Snake: Lair:2-3    Spider: Lair:2-3

Altars:
Ashenzari
Gozag
Kikubaaqudgha
Makhleb
Nemelex Xobeh
Okawaru
Qazlal
Ru
Sif Muna
Vehumet
Xom
Yredelemnul

Shops:
D:10 *

Annotations:
D:10 1 runed translucent door, RotoRooter's ghost, novice TrSh
D:11 Maurice


Innate Abilities, Weirdness & Mutations

You are partially covered in rugged brown scales. (AC +1, +3% HP)
Your demonic aura sometimes causes spilled blood to erupt in flames.
You regenerate a little health from kills.
Your touch may inflict minor irresistible damage on your foes.


Message History

Confirm with . or Enter, or press ? or * to list all spells.
Aiming: Vampiric Draining (safe; 1% risk of failure)
Press: ? - help, Shift-Dir - straight line, f - yak
Aim: a yak (heavily wounded)
You draw life force from the yak!
You feel life coursing into your body. The yak gores you!
* * * LOW HITPOINT WARNING * * *
You hit the yak.
Your weapon exudes an aura of protection.
The yak is severely wounded.
The yak gores you but does no damage. The yak attacks as it pursues you!
The yak closely misses you.
You see here a ring of wizardry.
The yak attacks as it pursues you! The yak closely misses you.
The yak attacks as it pursues you! The yak gores you.
* * * LOW HITPOINT WARNING * * *
The yak attacks as it pursues you! The yak closely misses you.
A black mamba comes into view.
The yak attacks as it pursues you! The yak barely misses you.
The black mamba hisses angrily.
The black mamba bites you!
* * * LOW HITPOINT WARNING * * *
You are lethally poisoned!
The black mamba poisons you! The black mamba closely misses you.
* * * LOW HITPOINT WARNING * * *
You feel very sick.
The black mamba bites you but does no damage.
Casting: Vampiric Draining (safe; 1% risk of failure)
Confirm with . or Enter, or press ? or * to list all spells.
Aiming: Vampiric Draining (safe; 1% risk of failure)
Press: ? - help, Shift-Dir - straight line, f - yak, p - yak
Aim: a yak (heavily wounded)
You draw life force from the yak!
You feel life coursing into your body.
* * * LOW HITPOINT WARNING * * *
You feel very sick. You block the black mamba's attack.
The black mamba bites you but does no damage.
The yak gores you!
You die...
Kikubaaqudgha rasps: "You have failed me!
Welcome... death!"

.....#.....#####..##.........
...........###...##......^...
.....#.....#.....##......##..
...........Y.Y...###.........
.>..........##...###.....##.
.......(....#.#..#..Y....P#
..#.#......###..P##......##
..........†.....##.Y........
................@Y..........
......>.........S.°.........
............................
####.........#.##...........
####.##.....#..##.........##
..<..#..........##......P##
.....#......##...#......##
......#.....#P..##......#
.....##.........#


You could see a black mamba and 3 yaks.

Vanquished Creatures
  Harold (D:11)
  A two-headed ogre (D:10)
  Pikel (D:5)
  A deep elf pyromancer (D:9)
  A manticore (D:11)
  A black mamba (Lair:2)
  4 elephants (Lair:1)
  2 cane toads (Lair:1)
  A kobold demonologist (D:9)
  3 komodo dragons
  A queen bee (D:10)
  A troll (D:8)
  Prince Ribbit (D:9)
  A polar bear (Lair:2)
  2 dream sheep (Lair:2)
  A shadow (D:10)
  14 yaks
  2 wraiths
  A wyvern (Lair:1)
  3 basilisks
  A steam dragon (D:8)
  6 water moccasins
  3 black bears
  2 orc warriors
  An ice beast (D:8)
  2 ogres
  2 phantoms
  2 centaurs
  A kobold brigand (D:4)
  Blork the orc (D:5)
  4 bullfrogs
  A komodo dragon zombie (D:9)
  4 gnoll sergeants
  2 scorpions
  24 killer bees
  A howler monkey (D:11)
  2 bombardier beetles
  4 hounds
  2 gnoll boudas
  4 orc priests
  3 iron imps (D:5)
  Ijyb (D:5)
  An iguana (D:5)
  7 orc wizards
  22 gnolls
  7 adders
  A river rat (D:4)
  A white imp (D:8)
  2 dart slugs
  3 ribbon worms
  25 orcs
  6 bats
  6 endoplasms
  3 giant cockroaches
  13 goblins
  6 hobgoblins
  4 jackals (D:1)
  28 kobolds
  7 quokkas
  4 ball pythons
  A frilled lizard (D:1)
  9 rats
272 creatures vanquished.

Vanquished Creatures (collateral kills)
  A black mamba (Lair:2)
  A kobold demonologist (D:9)
  2 dream sheep (Lair:2)
  2 yaks (D:9)
  A water moccasin (Lair:1)
  A sky beast (D:7)
  A centaur (D:10)
  2 killer bees (D:10)
  Robin (D:2)
  2 gnolls
  An endoplasm (D:2)
  3 goblins
18 creatures vanquished.

Vanquished Creatures (others)
  2 dream sheep zombies (Lair:2)
  A komodo dragon zombie (D:10)
3 creatures vanquished.

Grand Total: 293 creatures vanquished

Notes
Turn   | Place    | Note
-------+----------+-------------------------------------------
     0 | D:1      | PaiMei the Demonspawn Necromancer began the quest for the
                  | Orb.
     0 | D:1      | Reached XP level 1. HP: 13/13 MP: 3/3
   289 | D:1      | Gained mutation: Your demonic aura sometimes causes spilled
                  | blood to erupt in flames. [demonic ancestry]
   289 | D:1      | Reached XP level 2. HP: 11/19 MP: 0/5
  1151 | D:2      | Reached XP level 3. HP: 17/24 MP: 1/6
  1729 | D:2      | Noticed Robin
  1736 | D:2      | Killed Robin
  1737 | D:2      | Reached XP level 4. HP: 30/30 MP: 0/7
  2186 | D:2      | Reached skill level 5 in Necromancy
  2384 | D:3      | Identified the +1 ring mail of the Rose {Dex+4}
  3494 | D:4      | Gained mutation: You regenerate a little health from kills.
                  | [demonic ancestry]
  3494 | D:4      | Reached XP level 5. HP: 35/35 MP: 6/9
  3676 | D:5      | Entered Level 5 of the Dungeon
  4096 | D:4      | Learned a level 3 spell: Vampiric Draining
  4101 | D:4      | Learned a level 4 spell: Animate Dead
  4556 | D:4      | Gained mutation: You are partially covered in rugged brown
                  | scales. (AC +1, +3% HP) [demonic ancestry]
  4556 | D:4      | Reached XP level 6. HP: 32/42 MP: 6/10
  4883 | D:5      | Found an iron altar of Okawaru.
  4963 | D:5      | Noticed Ijyb
  5034 | D:5      | Killed Ijyb
  6017 | D:5      | Reached skill level 6 in Necromancy
  6087 | D:5      | Found a sacrificial altar of Ru.
  6109 | D:5      | Reached XP level 7. HP: 32/47 MP: 12/12
  6476 | D:5      | Reached skill level 1 in Fighting
  6622 | D:5      | Noticed Pikel
  6632 | D:5      | Killed Pikel
  6633 | D:5      | Reached skill level 7 in Necromancy
  6633 | D:5      | Reached XP level 8. HP: 52/58 MP: 1/15
  6756 | D:5      | Noticed Blork the orc
  6765 | D:5      | Killed Blork the orc
  6912 | D:5      | Found a burning altar of Makhleb.
  7100 | D:5      | Reached skill level 5 in Dodging
  7100 | D:5      | Reached skill level 5 in Spellcasting
  7890 | D:6      | You fall into a shaft and drop 1 floor!
  7910 | D:7      | Found a shimmering altar of Xom.
  8437 | D:7      | Reached XP level 9. HP: 66/66 MP: 2/17
  8578 | D:7      | Reached skill level 8 in Necromancy
  9055 | D:7      | Found a basalt altar of Yredelemnul.
  9081 | D:7      | Found a radiant altar of Vehumet.
  9089 | D:7      | Got Vehumet's Book of Energy
  9110 | D:7      | Found an ancient bone altar of Kikubaaqudgha.
  9117 | D:7      | Became a worshipper of Kikubaaqudgha
  9124 | D:7      | Found a shimmering blue altar of Sif Muna.
 10057 | D:8      | Found a sparkling altar of Nemelex Xobeh.
 10298 | D:8      | Reached skill level 5 in Fighting
 10800 | D:8      | Reached * piety under Kikubaaqudgha
 10800 | D:8      | Received a gift from Kikubaaqudgha
 10963 | D:8      | Identified the +4 falchion of Tokaamo {protect, rF+ rC+
                  | Str-3 Int+3}
 11068 | D:8      | Noticed a komodo dragon
 11265 | D:8      | Killed a komodo dragon
 11266 | D:8      | Reached skill level 9 in Necromancy
 11546 | D:8      | Found a staircase to the Lair.
 11724 | D:9      | Noticed a troll
 11735 | D:8      | Killed a troll
 11736 | D:8      | Reached XP level 10. HP: 37/78 MP: 7/20
 13151 | D:8      | Learned a level 5 spell: Curse of Agony
 13344 | D:9      | Noticed Prince Ribbit
 13351 | D:9      | Killed Prince Ribbit
 14144 | D:9      | Found a stormy altar of Qazlal.
 14313 | D:9      | Noticed a deep elf pyromancer
 14324 | D:9      | Killed a deep elf pyromancer
 14325 | D:9      | Reached skill level 10 in Necromancy
 14388 | D:9      | Got the Quarto of the Discharge and Abominable Spells
 14391 | D:9      | Got the Collected Works on Thunder
 14722 | D:10     | Entered Level 10 of the Dungeon
 14863 | D:10     | Noticed a two-headed ogre
 14868 | D:10     | Killed a two-headed ogre
 14869 | D:10     | Reached XP level 11. HP: 77/86 MP: 23/23
 14945 | D:10     | Found a broken altar of Ashenzari.
 15894 | D:10     | Found an opulent altar of Gozag.
 15894 | D:10     | Found Gozag's Platinum Reserve.
 15959 | D:10     | Reached ** piety under Kikubaaqudgha
 16332 | D:10     | Found a runed translucent door.
 16377 | D:10     | Noticed RotoRooter's ghost (novice TrSh)
 16705 | D:11     | Noticed Harold
 16728 | D:11     | Killed Harold
 17181 | D:11     | Noticed Maurice
 17216 | D:11     | Found a staircase to the Orcish Mines.
 17655 | Lair:1   | Entered Level 1 of the Lair of Beasts
 17728 | Lair:1   | Reached skill level 11 in Necromancy
 19415 | Lair:2   | Found a staircase to the Shoals.
 19549 | Lair:2   | Gained mutation: Your touch may inflict minor irresistible
                  | damage on your foes. [demonic ancestry]
 19549 | Lair:2   | Reached XP level 12. HP: 88/97 MP: 18/25
 19721 | Lair:2   | HP: 2/97 [poisoned by a black mamba]
 19722 | Lair:2   | Slain by a yak

Illustrated notes

Levels and vault maps discovered:
D:1:      scummos_arrival_simple_fountains, layout_loops_ring
D:2:      layout_basic, minmay_misc_feat_hallway, minmay_pentomino_t2,
          uniq_robin
D:3:      layout_rooms, dk_noncrumbling_4, dreamdust_mushroom_princess
D:4:      kennysheep_kobold_camp, layout_loops_ring, lightli_sewer_entry_pipes,
          mrwooster_statue_mirror
D:5:      layout_basic, okawaru_metal_pillars_1_2,
          mainiacjoe_overflow_small_starburst, demons_altar, uniq_pikel,
          uniq_blork_the_orc, uniq_ijyb
D:6:      layout_rooms, pdpol_wu_jian_five_deadly_venoms,
          minmay_temple_entry_wispy, serial_shops, shop
D:7:      layout_gridville, palyth_temple_overflow_mages, lemuel_crystal_altar,
          kennysheep_little_box
D:8:      layout_basic, mainiacjoe_overflow_six_doors_small, david_lair_shrubbed
D:9:      layout_long_grid, lemuel_doored_altar,
          serial_library_regret_index_headful, uniq_prince_ribbit1
D:10:     layout_rooms, nicolae_gozag_zags_fifth_avenue, ashenzari_altar_1,
          special_room [special_room_bee], hellmonk_ghost_happy_afterlife
D:11:     layout_loops_ring, orc_0_dummy, uniq_maurice, uniq_psyche, uniq_harold
Lair:1:   layout_regular_city
Lair:2:   layout_regular_city, elwin_shoals_entry_rocks

Skill      XL: |  1  2  3  4  5  6  7  8  9 10 11 |
---------------+----------------------------------+-----
Stealth        | 2 3 4 |  4.1
Dodging        | 2 3 4 5 6 8 9 |  9.4
Necromancy     | 5 6 7 9 10 11 | 11.8
Spellcasting   | 3 4 5 6 8 9 |  9.4
Fighting       | 2 4 5 7 9 |  9.3

Action                     |  1- 3 |  4- 6 |  7- 9 | 10-12 || total
---------------------------+-------+-------+-------+-------++-------
  Melee: Spear             |    19 |       |       |       ||    19
         Flail             |    16 |    57 |       |       ||    73
         Short sword       |       |    45 |       |       ||    45
         Unarmed           |       |    43 |       |       ||    43
         Whip              |       |    13 |   159 |       ||   172
         Punch             |       |     1 |     2 |       ||     3
         Falchion          |       |       |       |   223 ||   223
  Throw: Dart              |       |       |       |     1 ||     1
   Cast: Necrotise         |    68 |   141 |    47 |    42 ||   298
         Vampiric Draining |       |     8 |    83 |   164 ||   255
         Animate Dead      |       |       |     2 |     5 ||     7
         Curse of Agony    |       |       |       |    10 ||    10
  Evoke: Wand              |       |     1 |       |       ||     1
    Use: Potion            |       |       |       |     4 ||     4
         Scroll            |       |       |       |    13 ||    13
   Stab: Sleeping          |       |       |     1 |       ||     1
 Armour: Robe              |    28 |    13 |       |       ||    41
         Ring mail         |       |    94 |   165 |   498 ||   757
         Skin              |       |    12 |       |       ||    12
  Dodge: Dodged            |    62 |   158 |   161 |   369 ||   750
  Block: Buckler           |       |       |       |    43 ||    43
